 Dungeon Crawl Stone Soup version 0.30-a0-354-g6b83867211 (webtiles) character file.

Game seed: 5992893224271047683

84 ytrimaz the Trooper (level 4, -1/75 HPs)
             Began as an Ogre Berserker on Nov 7, 2022.
             Was a Follower of Trog.
             Succumbed to a goblin's poison
             ... on level 3 of the Dungeon.
             The game lasted 00:02:00 (1382 turns).

ytrimaz the Trooper (Ogre Berserker)                Turns: 1382, Time: 00:02:01

Health: -1/75      AC: 22    Str: 23    XL:     4   Next: 46%
Magic:  13/13      EV:  1    Int:  8    God:    Trog [*.....]
Gold:   97         SH:  0    Dex:  8    Spells: 3/3 levels left

rFire   . . .      SeeInvis .    a - +1 mace
rCold   . . .      Faith    .    (no shield)
rNeg    . . .      Spirit   .    (body armour currently unavailable)
rPois   +          Reflect  .    (helmet currently unavailable)
rElec   .          Harm     .    (cloak currently unavailable)
rCorr   .          Rampage  .    (gloves unavailable)
Will    .....      NoTele   +    (boots unavailable)
Stlth   +.........               (no amulet)
HPRegen 0.32/turn                d - ring of magical power
MPRegen 0.13/turn                (no ring)

@: lethally poisoned (-1 -> -8), tree-form, on berserk cooldown, hasted and
slowed
A: stationary, stasis, torment immunity, boosted hp, large, unfitting armour,
(tough skin 1)
a: Renounce Religion, Berserk


You were on level 3 of the Dungeon.
You worshipped Trog.
Trog was aware of your devotion.
You were a tree.
You visited 1 branch of the dungeon, and saw 3 of its levels.

You collected 97 gold pieces.


Innate Abilities, Weirdness & Mutations

You are a tree.
Your roots penetrate the ground, keeping you stationary.
You cannot be teleported.
You are immune to unholy pain and torment.
Your maximum health is greatly increased.
Your equipment is partially melded.
You are too large for most types of armour.
((You have tough skin. (AC +1)))


   Skills:
 + Level 5.1 Fighting
 + Level 3.4 Maces & Flails
 + Level 3.4 Dodging


You had 3 spell levels left.
You didn't know any spells.
Your spell library was empty.

Inventory:

Hand Weapons
 a - a +1 mace (weapon)
Armour
 b - a +0 animal skin (melded)
Jewellery
 d - a ring of magical power (left branch)
   (You found it on level 2 of the Dungeon)
Scrolls
 c - a scroll of noise
 k - a scroll of teleportation

Dungeon Overview and Level Annotations

Branches:
Dungeon (3/15) Zot: 16578

Altars:
Dithmenos

Annotations:
D:3 Robin

#. #.# ##.# ###.#
..... ...#
#....##..#
...o.o...###
#....#....
#....#.########.##
#...#.oog♣)......#
#.g.#.#########..#
#...#...#
##...#g#.#
#........#
#.........+
#....#..###
#....+....
#....##..##


You could see an orc priest, an orc and a goblin.


Message History

Unknown command.
The goblin barely misses you.
Things that are here:
a +1 short sword of freezing; an orc corpse; a ball python corpse You are too injured to fight recklessly!
You sock the goblin!
You kill the goblin!
Trog accepts your kill. 😮 HP[+1]
You are too injured to fight recklessly!
You thump the goblin!
You kill the goblin!
Trog accepts your kill.
Unknown command.
Items here: )) ††.
You are too injured to fight recklessly!
You thump the goblin!
You kill the goblin!
Trog accepts your kill.
You are too injured to fight recklessly!
Unknown command.
You sock the orc!
You kill the orc!
Trog accepts your kill. 😮 HP[+1]
You closely miss the goblin. The goblin hits you but does no damage.
You are poisoned.
You are too injured to fight recklessly!
You closely miss the goblin.
You are no longer berserk.
You are exhausted.
You feel yourself slow down.
You feel very sick.
You are too injured to fight recklessly!
You closely miss the goblin.
You feel very sick. The goblin closely misses you.
The goblin hits you but does no damage.
You are more poisoned.
You hit the goblin.
You feel very sick. The goblin hits you but does no damage.
You are more poisoned.
The goblin barely misses you. 😮 HP[-30]
You now have 50 max hp (-25).
You take 30 damage, and now have 26/50 hp.
MASSIVE DAMAGE!! (PAUSE)
Okay, then.
Okay, then.
It was a potion of curing.
You feel better.
The goblin hits you with a +0 dagger of venom.
You are poisoned.
The goblin hits you with a +0 dagger of venom.
You are more poisoned. 😮 HP[+6]
You regained 6 hp, and now have 32/50 hp.
It was a potion of haste.
You feel yourself speed up.
You feel very sick.
The goblin hits you but does no damage. 😮 HP[-6]
You take 6 damage, and now have 26/50 hp.
Unknown command.
It was a potion of berserk rage.
You're still recovering from your berserk rage.
You feel sick.
The goblin hits you with a +0 dagger of venom.
* * * LOW HITPOINT WARNING * * *
You are more poisoned. 😨 HP[-4]
You take 4 damage, and now have 22/50 hp.
It was a potion of lignification.
You turn into a tree.
Your +0 animal skin melds into your body.
Your roots penetrate the ground.
You feel very sick.
The goblin hits you with a +0 dagger of venom.
* * * LOW HITPOINT WARNING * * *
😨 HP[+5]
You now have 75 max hp (+25).
You regained 5 hp, and now have 27/75 hp.
You sock the goblin!
You kill the goblin!
Trog accepts your kill.
You feel very sick.
The orc priest mumbles some strange prayers to Beogh against you.
Beogh smites you!
* * * LOW HITPOINT WARNING * * *
😱 HP[-19]
You take 19 damage, and now have 8/75 hp.
MASSIVE DAMAGE!! (PAUSE)
You miss the goblin.
* * * LOW HITPOINT WARNING * * *
You feel very sick. The goblin hits you with a +0 dagger.
* * * LOW HITPOINT WARNING * * *
The goblin hits you with a +0 dagger.
* * * LOW HITPOINT WARNING * * *
😱 HP[-6]
You take 6 damage, and now have 2/75 hp.
You closely miss the goblin.
You die...

Skill      XL: |  1  2  3 |
---------------+----------+-----
Dodging        | 3 |  3.4
Maces & Flails | 3 |  3.4
Fighting       | 5 |  5.1

Action                   |  1- 3 |  4- 6 || total
-------------------------+-------+-------++-------
Melee: Mace              |    91 |    47 ||   138
Invok: Berserk           |     1 |     1 ||     2
       Trog's Hand       |       |     1 ||     1
  Use: Scroll            |     1 |     4 ||     5
       Potion            |       |     4 ||     4
Armor: Animal skin       |    43 |    14 ||    57
Dodge: Dodged            |    69 |    26 ||    95

Levels and vault maps discovered:
D:1:      moated_graveyard_arrival, layout_rooms
D:2:      layout_basic, basic_altar, kennysheep_decorative_pillar, uniq_terence
D:3:      layout_basic, uniq_pargi, uniq_robin

Notes
Turn   | Place    | Note
-------+----------+-------------------------------------------
     0 | D:1      | ytrimaz the Ogre Berserker began the quest for the Orb.
     0 | D:1      | Reached XP level 1. HP: 24/24 MP: 1/1
     0 | D:1      | magus.rc [v1.9.6]
    85 | D:1      | Reached XP level 2. HP: 19/32 MP: 2/2
   236 | D:1      | Reached skill level 3 in Dodging
   365 | D:1      | Reached skill level 3 in Maces & Flails
   540 | D:1      | Reached XP level 3. HP: 38/40 MP: 3/3
   634 | D:2      | Found a shadowy altar of Dithmenos.
   828 | D:2      | Noticed Terence
   836 | D:2      | Killed Terence
   845 | D:2      | HP: 10/41 [poisoned by an adder]
   846 | D:2      | Reached skill level 5 in Fighting
   846 | D:2      | Reached XP level 4. HP: 13/50 MP: 4/4
   851 | D:2      | HP: 8/50 [goblin/+0 club (3)]
  1152 | D:2      | Reached ** piety under Trog
  1341 | D:3      | Noticed Robin
  1380 | D:3      | HP: 8/75 [orc priest/divine providence (15)]
  1381 | D:3      | HP: 2/75 [goblin/+0 dagger[Robin] (2)]
  1382 | D:3      | Succumbed to a goblin's poison

Vanquished Creatures
  Terence (D:2)
  An adder (D:2)
  A worm (D:2)
  A dart slug (D:2)
  2 orcs (D:3)
  A bat (D:2)
  2 endoplasms (D:1)
  3 giant cockroaches (D:1)
  9 goblins
  2 hobgoblins (D:1)
  2 jackals (D:1)
  4 kobolds
  2 quokkas
  7 ball pythons
  2 frilled lizards
  A rat (D:1)
41 creatures vanquished.

Table legend:
 A = Non-vault XP
 B = Vault XP
 C = Vault XP percentage of total XP
 D = Non-vault monster count
 E = Vault monster count
 F = Vault count percentage of total count
                 A         B        C        D         E       F
            +---------+---------+-------+---------+---------+-------
      Total |      84 |      37 |  30.6 |      37 |       4 |   9.8
            +---------+---------+-------+---------+---------+-------
        D:1 |      37 |       0 |   0.0 |      21 |       0 |   0.0
        D:2 |      36 |      32 |  47.1 |      11 |       1 |   8.3
        D:3 |      11 |       5 |  31.2 |       5 |       3 |  37.5
            +---------+---------+-------+---------+---------+-------

Illustrated notes

Table legend:
 A = Kills in this place as a percentage of kills in entire the game.
 B = Kills by you in this place as a percentage of kills by you in the entire game.
 C = Kills by friends in this place as a percentage of kills by friends in the entire game.
 D = Other kills in this place as a percentage of other kills in the entire game.
 E = Experience gained in this place as a percentage of experience gained in the entire game.
 F = Experience gained in this place divided by the number of levels of this place that you have seen.
                   A       B       C       D       E      F
               +-------+-------+-------+-------+-------+----------------------
         Total | 100.0 | 100.0 |   N/A |   N/A | 100.0 |  40.3
       Dungeon | 100.0 | 100.0 |   N/A |   N/A | 100.0 |  40.3
               +-------+-------+-------+-------+-------+----------------------

Table legend: (Time is in decaauts)
 A = Elapsed time spent in this place.
 B = Non-inter-level travel time spent in this place.
 C = Inter-level travel time spent in this place.
 D = Time resting spent in this place.
 E = Time spent auto-exploring this place.
 F = Levels seen in this place.
 G = Mean time per level.
                   A        B        C        D        E       F      G
               +--------+--------+--------+--------+--------+-----+--------+
         Total |   1421 |   1363 |     58 |     98 |    946 |   3 |  473.7 |
       Dungeon |   1421 |   1363 |     58 |     98 |    946 |   3 |  473.7 |
               +--------+--------+--------+--------+--------+-----+--------+

Top non-repeatable levels by time:
     D:2: 727 daAuts
     D:1: 651 daAuts
     D:3: 42 daAuts
